 Dungeon Crawl Stone Soup version 0.31.0-1-g2c135a008e (webtiles) character file.

Game seed: 350058181912043911

38 qw the Shooter (level 3, -10/29 HPs)
             Began as a Djinni Hunter on Jan 24, 2024.
             Blown up by Ijyb (16 damage)
             ... with a mindburst bolt
             ... on level 3 of the Dungeon.
             The game lasted 00:00:04 (1615 turns).

qw the Shooter (Djinni Hunter)                      Turns: 1615, Time: 00:00:05

Health: -10/29     AC:  3    Str: 10    XL:     3   Next: 65%
Gold:   108        EV: 12    Int: 10    God:
                   SH:  5    Dex: 18

rFire   + + .        h - +1 orcbow
rCold   x . .        (shield currently unavailable)
rNeg    . . .        c - +0 leather armour
rPois   inf          (no helmet)
rElec   .            (no cloak)
rCorr   .            (no gloves)
SInv    .            (boots unavailable)
Will    .....        g - amulet of reflection
Stlth   ++           (no ring)
HPRegen 0.24/turn    (no ring)
MPRegen 0.00/turn

%: reflection, infuse magic (-11 HP)
@: flying
A: sickness immunity, fire resistance 2, cold vulnerability 1, float, innate
caster, HP casting, extra vitality 1
a: no special abilities


You were on level 3 of the Dungeon.
You visited 1 branch of the dungeon, and saw 3 of its levels.

You collected 150 gold pieces.
You spent 42 gold pieces at shops.


Innate Abilities, Weirdness & Mutations

You are immune to sickness and miasma.
You are immune to poison.
Your flesh is very heat resistant. (rF++)
You are vulnerable to cold. (rC-)
You float through the air rather than walking.
You learn spells naturally, not from books.
Your magical power is your life essence.
You have superior vitality. (+4 MHP)


   Skills:
 + Level 2.6 Fighting
 - Level 4.0 Ranged Weapons
 - Level 2.1 Dodging
 - Level 0.7 Stealth


You knew the following spells:

 Your Spells              Type           Power      Damage    Failure   Level
a - Apportation           Tloc           0%         N/A       45%         1
Your spell library was empty.

Inventory:

Hand Weapons
 h - a +1 orcbow (weapon)
Armour
 b - a +0 ring mail
 c - a +0 leather armour (worn)
Jewellery
 g - an amulet of reflection (around neck)
Scrolls
 a - a scroll of fear {unknown}
 f - a scroll of poison {unknown}
Potions
 d - a potion of enlightenment
 e - a potion of heal wounds {unknown}
 i - 2 potions of curing
 j - a potion of lignification {unknown}

Dungeon Overview and Level Annotations

Branches:
Dungeon (3/15)

Altars:

Shops:
D:2 (

Annotations:
D:3 Ijyb


Message History

You kill the ball python!
You now have 108 gold pieces (gained 14).
Found a stone staircase leading down.
Found a stone.
j - a fizzy emerald potion You see here 3 atropa-tipped darts.
Found 2 stones.
You see here a +0 dagger.
Found a hand axe.
Ijyb the Twisted Goblin comes into view.
She is wielding a +0 club and carrying a wand of mindburst.
You shoot an arrow. The arrow hits Ijyb.
Ijyb shouts!
Ijyb is lightly wounded.
You shoot an arrow. The arrow hits Ijyb but does no damage.
Ijyb is lightly wounded.
You shoot an arrow. The arrow hits Ijyb.
Ijyb is lightly wounded.
Ijyb zaps a wand.
Your mind is blasted!
Ouch! That really hurt!
You shoot an arrow. The arrow barely misses Ijyb.
You start resting.
Ijyb is nearby!
You shoot an arrow. The arrow hits Ijyb!
Ijyb is heavily wounded.
You shoot an arrow. The arrow barely misses Ijyb.
You shoot an arrow. The arrow barely misses Ijyb.
You block Ijyb's attack. Ijyb closely misses you.
You shoot an arrow. The arrow barely misses Ijyb.
Ijyb hits you with a +0 club.
A quokka comes into view.
You shoot an arrow. The arrow completely misses Ijyb.
Ijyb misses you.
You shoot an arrow. The arrow closely misses Ijyb.
The arrow barely misses the quokka.
Ijyb hits you with a +0 club. Ijyb misses you.
You shoot an arrow. The arrow hits Ijyb.
Ijyb is severely wounded.
Ijyb zaps a wand.
Your mind is blasted!
Ouch! That really hurt!
You die...

#.#.#<..###.#
########...........# #
...................# ..
...................#
............#...#'###.#
............#.#.#.# #.##
............#.#.#.###.#.
......#####.#.#.#.#..(..
..).r.g@.##.#.#.#.#.#.#.
......##......#.#.#.#.#.
..#########.#...#.#.#.#.
#.......#...#.#.#.#.
#...(.......#.#.#.#.
#####.........#...#.
...........>...).##
####.........#.#.#
#.........#.#.#


You could see Ijyb and a quokka.

Vanquished Creatures
  A dart slug (D:2)
  2 ribbon worms (D:2)
  A ball python (D:3)
  3 endoplasms
  A giant cockroach (D:2)
  3 goblins
  6 hobgoblins
  3 jackals (D:1)
  A quokka (D:1)
  3 frilled lizards
  A kobold (D:2)
  4 rats
29 creatures vanquished.

Notes
Turn   | Place    | Note
-------+----------+-------------------------------------------
     0 | D:1      | qw the Djinni Hunter began the quest for the Orb.
     0 | D:1      | Reached XP level 1. HP: 18/18 MP: 0/0
     0 | D:1      | 0 ||| qw: Version: 0.3-a-136-gdd3b4e8
     0 | D:1      | 0 ||| qw: Game counter: 1364
     0 | D:1      | 0 ||| qw: Melee chars always use a shield: true
     0 | D:1      | 0 ||| qw: God list: Okawaru
     0 | D:1      | 0 ||| qw: Allow faded altars: false
     0 | D:1      | 0 ||| qw: Do Orc after clearing Dungeon:15 true
     0 | D:1      | 0 ||| qw: Do second Lair branch before Depths: true
     0 | D:1      | 0 ||| qw: Lair rune preference: random
     0 | D:1      | 0 ||| qw: Goals: Normal
     0 | D:1      | 0 ||| PLANNING D:1-11
    96 | D:1      | Found a faded altar of an unknown god.
   199 | D:1      | Reached XP level 2. HP: 19/23 MP: 0/0
   761 | D:1      | 761 ||| DROPPING ring of wizardry.
   762 | D:1      | 762 ||| READING 2 scrolls labelled BATIAKHLEKOWK.
   762 | D:1      | 762 ||| IDENTIFYING yellow potion
   763 | D:1      | 763 ||| READING scroll of identify.
   763 | D:1      | 763 ||| IDENTIFYING fizzy golden potion
   764 | D:1      | 764 ||| READING scroll labelled WOUFI DUWY.
   765 | D:1      | 765 ||| DRINKING 2 inky potions.
   766 | D:1      | 766 ||| DROPPING scroll of butterflies.
   767 | D:1      | 767 ||| DROPPING potion of attraction.
   768 | D:1      | 768 ||| DROPPING potion of degeneration.
   955 | D:2      | Reached skill level 4 in Ranged Weapons
   955 | D:2      | Reached XP level 3. HP: 19/28 MP: 0/0
   955 | D:2      | Learned a level 1 spell: Apportation
  1299 | D:2      | Found Ulixkune's Weapon Boutique.
  1309 | D:2      | 1309 ||| BUYING +0 orcbow (42 gold).
  1309 | D:2      | Bought a +0 orcbow for 42 gold pieces
  1309 | D:2      | 1309 ||| SWAPPING to +0 orcbow.
  1310 | D:2      | 1310 ||| DROPPING +0 shortbow.
  1408 | D:2      | 1408 ||| UPGRADING to amulet of reflection.
  1413 | D:2      | 1413 ||| READING scroll labelled DIRGHOW EMUU.
  1413 | D:2      | 1413 ||| ENCHANTING +0 orcbow.
  1414 | D:2      | 1414 ||| READING scroll labelled KEJYRU TEBEELAUR.
  1417 | D:2      | 1417 ||| DRINKING 2 glowing puce potions.
  1418 | D:2      | 1418 ||| DRINKING 3 silvery potions.
  1419 | D:2      | 1419 ||| DROPPING potion of magic.
  1603 | D:3      | Noticed Ijyb
  1614 | D:3      | HP: 5/29 [Ijyb/+0 club (4)]
  1615 | D:3      | Blown up by Ijyb

Levels and vault maps discovered:
D:1:      shiori_shiawase, layout_basic,
          shapermc_ecumenical_altar_starsandcircs, serial_curves,
          eino_curves_02, eino_curves_03, eino_curves_02, eino_curves_02
D:2:      layout_basic, serial_shops, nicolae_shop_bloodbath_and_beyond
D:3:      layout_basic, uniq_ijyb, uniq_sigmund

Skill      XL: |  1  2 |
---------------+-------+-----
Ranged Weapons | 4 |  4.0
Fighting       | |  2.6
Dodging        | |  2.1
Stealth        | |  0.7

Action                     || total
---------------------------++-------
   Fire: Shortbow          ||    64
         Orcbow            ||    20
    Use: Scroll            ||     5
         Potion            ||     3
 Armour: Leather armour    ||    20
  Dodge: Dodged            ||    35
  Block: Other             ||     1

Table legend:
 A = Non-vault XP
 B = Vault XP
 C = Vault XP percentage of total XP
 D = Non-vault monster count
 E = Vault monster count
 F = Vault count percentage of total count
                 A         B        C        D         E       F
            +---------+---------+-------+---------+---------+-------
      Total |      55 |       0 |   0.0 |      29 |       0 |   0.0
            +---------+---------+-------+---------+---------+-------
        D:1 |      20 |       0 |   0.0 |      12 |       0 |   0.0
        D:2 |      32 |       0 |   0.0 |      15 |       0 |   0.0
        D:3 |       3 |       0 |   0.0 |       2 |       0 |   0.0
            +---------+---------+-------+---------+---------+-------
